Map: Honorgrounds LE

Players

IlIlIIIlIIll

  • Race: Zerg Zerg
  • League: Grandmaster
  • Spawn Location: 5:00

Railgan - Winner!

  • Race: Zerg Zerg
  • League: Grandmaster
  • Spawn Location: 7:00

VOD

Have the link to the VOD?

Description

Time

  • Played on: March 18, 2017, 5:37 p.m.
  • Length: 11:54
Show
View Real Time Build Order
Export as new Build Order

IlIlIIIlIIll Zerg 

Build Orders: Pool First, Zergling Baneling 

Get SALT Encoding   

  12  0:01  Drone  
  13  0:13  Overlord  
  13  0:18  Drone  
  14  0:32  Drone x2  
  16  0:38  Drone  
  16  0:41  Extractor  
  16  0:49  Drone  
  17  0:51  Spawning Pool  
  16  0:57  Drone  
  17  1:09  Drone  
  18  1:23  Hatchery  
  17  1:26  Drone  
  18  1:38  Queen  
  20  1:44  Metabolic Boost  
  20  1:48  Zergling x2  
  21  1:56  Overlord  
  21  2:05  Baneling Nest  
  21  2:06  Drone  
  21  2:09  Zergling x2  
  22  2:27  Queen  
  22  2:28  Zergling x4  
  26  2:40  Zergling x4  
  26  2:43  Queen  
  30  2:46  Zergling x2  
  31  2:54  Baneling x2  
  31  2:57  Zergling x4  
  32  3:08  Zergling x2  
  32  3:09  Drone x2  
  35  3:14  Overlord  
  29  3:37  Baneling x2, Zergling x2  
  29  3:38  Drone x3  
  29  3:39  Drone x3  
  35  3:43  Drone  
  35  3:50  Zergling x2  
  35  3:51  Zergling x2  
  35  3:54  Zergling x2  
  35  3:55  Zergling x2  
  39  3:58  Zergling x4  
  41  4:06  Baneling  
  41  4:07  Baneling  
  41  4:12  Zergling x2  
  41  4:13  Zergling x4  
  44  4:18  Overlord  
  43  4:26  Overlord  
  43  4:28  Baneling x2  
  43  4:31  Overlord  
  43  4:45  Zergling x8  
  44  4:46  Zergling x8  
  51  4:54  Drone x2  
  51  4:58  Roach Warren  
  52  5:06  Drone x5  
  57  5:15  Baneling x5  
  57  5:16  Baneling  
  51  5:25  Zergling x6  
  51  5:27  Queen  
  56  5:34  Zergling x2  
  56  5:35  Zergling x6  
  54  5:43  Zergling x2  
  54  5:51  Zergling x4  
  55  5:57  Roach  
  55  5:58  Roach  
  55  6:03  Queen  
  63  6:06  Baneling x5, Zergling x2  
  63  6:07  Zergling x4  
  66  6:13  Zergling x2  
  66  6:15  Overlord  
  62  6:29  Roach x2  
  66  6:34  Extractor, Roach  
  66  6:36  Extractor  
  64  6:43  Roach  
  64  6:45  Hatchery  
  65  6:47  Drone x2  
  65  6:48  Drone x3, Spine Crawler  
  65  6:50  Spine Crawler  
  63  6:58  Roach  
  63  6:59  Roach  
  63  7:01  Drone x4  
  69  7:13  Drone x2  
  70  7:21  Evolution Chamber, Roach x2  
  71  7:32  Roach x2  
  71  7:36  Overlord x3  
  75  7:43  Overlord x2  
  75  7:47  Overlord x2  
  75  7:49  Zerg Ground Armor Level 1  
  71  8:03  Roach x6  
  79  8:09  Roach x2  
  79  8:10  Roach  
  85  8:13  Zergling x2  
  85  8:15  Zergling x2  
  85  8:17  Ravager  
  85  8:19  Zergling x2  
  90  8:20  Zergling x2  
  90  8:22  Zergling x2  
  91  8:28  Baneling x2  
  91  8:29  Zergling x6  
  91  8:31  Zergling x2  
  95  8:36  Zergling x6  
  98  8:48  Roach x4  
  93  8:59  Roach  
  93  9:00  Roach x2  
  85  9:03  Zergling x2  
  85  9:04  Zergling x4  
  85  9:06  Roach  
  84  9:13  Zergling x8  
  84  9:15  Ravager  
  88  9:19  Roach  
  88  9:21  Zergling x4  
  92  9:24  Ravager  
  92  9:25  Zergling x2  
  92  9:26  Zergling x2  
  95  9:41  Roach x5  
  106  9:52  Zergling x2  
  106  9:53  Zergling x10  
  111  10:03  Roach x3  
  101  10:07  Roach  
  100  10:16  Zergling x8  
  100  10:17  Zergling x2  
  97  10:33  Zergling x4  
  91  10:45  Ravager  
  91  10:46  Ravager  
  91  10:48  Zergling x2  
  84  11:11  Roach x5  
  72  11:18  Roach  
  77  11:20  Zergling x4  
  69  11:34  Zergling x6  
  69  11:35  Zergling x2  
Show
View Real Time Build Order
Export as new Build Order

Railgan Zerg - Winner!

Build Orders: Hatch First, Swarm Host 

Get SALT Encoding   

  12  0:01  Drone  
  13  0:12  Overlord  
  13  0:18  Drone  
  14  0:30  Drone x2  
  16  0:36  Drone  
  17  0:46  Drone  
  18  0:56  Hatchery  
  17  0:58  Drone  
  17  1:01  Extractor  
  17  1:14  Spawning Pool  
  17  1:17  Drone  
  17  1:20  Drone  
  18  1:28  Drone  
  19  1:38  Overlord  
  19  2:00  Queen  
  21  2:01  Zergling x2  
  21  2:02  Zergling x2  
  21  2:08  Drone, Queen  
  24  2:11  Drone  
  24  2:14  Metabolic Boost  
  27  2:21  Drone  
  28  2:34  Drone x2, Overlord  
  30  2:37  Queen  
  30  2:42  Baneling Nest  
  30  2:43  Drone  
  32  2:55  Zergling x4  
  32  2:56  Drone  
  34  3:04  Drone x2  
  36  3:10  Zergling x2  
  36  3:11  Zergling x2  
  36  3:12  Zergling x4  
  39  3:18  Zergling x2  
  36  3:31  Drone, Zergling x2  
  36  3:32  Zergling x4  
  33  3:35  Drone  
  33  3:38  Baneling x2  
  33  3:40  Drone x2  
  36  3:46  Drone  
  36  3:47  Drone x2  
  39  3:49  Queen  
  39  3:52  Drone  
  42  3:56  Overlord  
  42  4:07  Drone  
  42  4:08  Drone  
  43  4:24  Drone x2  
  43  4:25  Lair  
  43  4:26  Drone x2  
  43  4:28  Extractor  
  43  4:30  Roach Warren  
  44  4:31  Zergling x4  
  44  4:33  Baneling  
  44  4:34  Drone  
  47  4:40  Drone x3  
  50  4:46  Extractor x2, Drone  
  50  4:50  Drone  
  50  4:54  Baneling x2  
  50  4:55  Drone  
  50  4:56  Drone  
  50  4:57  Overlord  
  52  5:02  Overlord  
  51  5:07  Overlord  
  51  5:18  Drone x2  
  52  5:22  Drone x3  
  52  5:23  Zergling x2  
  56  5:31  Infestation Pit  
  56  5:35  Roach  
  57  5:36  Roach x3  
  57  5:40  Baneling  
  57  5:41  Baneling  
  57  5:53  Drone x3  
  57  5:56  Roach  
  59  6:00  Roach  
  59  6:01  Roach x3  
  59  6:02  Roach  
  69  6:04  Glial Reconstitution  
  69  6:06  Zergling x6  
  69  6:10  Roach x2  
  75  6:27  Overlord  
  75  6:31  Overlord  
  75  6:33  Baneling x6  
  75  6:40  Hatchery  
  75  6:45  Overlord  
  68  6:57  Swarm Host  
  68  6:58  Swarm Host x5  
  85  7:03  Swarm Host  
  88  7:12  Swarm Host  
  88  7:14  Zergling x6  
  88  7:15  Overlord  
  94  7:21  Swarm Host  
  97  7:24  Zergling x4  
  97  7:25  Overlord  
  99  7:35  Zergling x6  
  102  7:40  Zergling x4  
  102  7:41  Zergling x2  
  102  7:43  Zergling x2  
  104  7:45  Swarm Host x2  
  104  7:48  Zergling x4  
  111  7:53  Zergling x2  
  111  8:02  Swarm Host x3  
  114  8:12  Swarm Host  
  112  8:13  Swarm Host x2  
  112  8:16  Overlord  
  112  8:18  Overlord  
  122  8:27  Overlord x2, Zergling x2  
  122  8:30  Baneling  
  122  8:31  Baneling x5  
  122  8:36  Zergling x4  
  113  8:59  Zergling x2  
  113  9:00  Zergling x2  
  111  9:04  Zergling x22  
  111  9:09  Zergling x2  
  123  9:11  Hydralisk Den  
  123  9:12  Zergling x2  
  123  9:14  Queen  
  123  9:16  Zergling x2  
  126  9:20  Baneling  
  126  9:21  Baneling x5  
  126  9:28  Spire  
  123  9:46  Drone x2  
  123  9:47  Drone x2  
  123  9:50  Zergling x6  
  119  10:11  Zergling x16  
  123  10:19  Baneling x5  
  118  10:30  Zergling x12  
  118  10:34  Zergling x10  
  121  10:43  Zergling x2  
  121  10:44  Mutalisk, Zergling x6  
  121  10:49  Mutalisk  
  127  10:55  Baneling x8  
  127  10:56  Mutalisk  
  131  10:59  Mutalisk x2  
  125  11:07  Mutalisk x3  
  119  11:13  Mutalisk  
  119  11:18  Mutalisk x2  
  121  11:20  Zergling x6  
  121  11:21  Zergling x6  
  124  11:34  Zergling x4  
Tags
 
Add a new tag
Caveats
  • Supply blocks, unpowered buildings, or Contaminate may cause inaccurate times.
  • Supply counts are checked every 10 seconds.